 Dungeon Crawl Stone Soup version 0.21.1-1-g345015f (webtiles) character file.

5408 Supreme the Thaumaturge (level 10, -7/53 HPs)
             Began as a Deep Elf Wizard on Apr 25, 2018.
             Was a Priest of Kikubaaqudgha.
             Mangled by a sixfirhy (12 damage)
             ... on level 8 of the Dungeon.
             The game lasted 01:57:38 (8008 turns).

Supreme the Thaumaturge (Deep Elf Wizard)           Turns: 8008, Time: 01:57:39

Health: -7/53      AC: 15    Str:  4    XL:     10   Next: 40%
Magic:  16/29      EV:  9    Int: 35    God:    Kikubaaqudgha [***...]
Gold:   485        SH:  0    Dex: 13    Spells: 18/36 levels left

rFire    . . .     SeeInvis .   Z - +1 halberd (chop)
rCold    + . .     Gourm    .   (shield currently unavailable)
rNeg     . . .     Faith    .   V - +5 ring mail "Qoatur" {Int+4}
rPois    .         Spirit   .   F - +0 helmet
rElec    .         Reflect  .   C - +0 cloak
rCorr    .         Harm     .   i - +1 pair of gloves
MR       +....                  p - +0 pair of boots
Stlth    ++........             (no amulet)
HPRegen  0.17/turn              I - ring of protection from cold
MPRegen  0.21/turn              K - +4 ring of intelligence

@: very slightly contaminated
A: no striking features
a: Receive Corpses, Renounce Religion


You were on level 8 of the Dungeon.
You worshipped Kikubaaqudgha.
Kikubaaqudgha was most pleased with you.
You were not hungry.

You visited 2 branches of the dungeon, and saw 9 of its levels.
You also visited: Bailey.

You collected 485 gold pieces.

Inventory:

Hand Weapons
 a - a +1 vampiric spear
 q - a +4 glaive
 B - a +3 quarterstaff of chaos
 D - a +3 scimitar of draining
 Z - a +1 halberd of chopping (weapon)
Missiles
 b - 94 arrows
 r - 140 stones (quivered)
 R - 2 throwing nets
 X - 17 poisoned needles
Armour
 i - a +1 pair of gloves (worn)
 k - a +2 leather armour of positive energy
 p - a +0 pair of boots (worn)
 A - a +1 shield of poison resistance
 C - a +0 cloak (worn)
 F - a +0 helmet (worn)
 L - the +6 scale mail of Conscience {Str+5}
   (You found it on level 6 of the Dungeon)

   It affects your strength (+5).
 V - the +5 ring mail "Qoatur" (worn) {Int+4}
   (You found it on level 7 of the Dungeon)

   It affects your intelligence (+4).
 W - a +1 chain mail of poison resistance
Jewellery
 I - a ring of protection from cold (left hand)
 K - a +4 ring of intelligence (right hand)
 M - a +2 ring of strength
Wands
 g - a wand of digging (24)
 w - a wand of iceblast (5)
 P - a wand of acid (3)
 T - a wand of clouds (1)
Scrolls
 s - 3 scrolls of enchant armour
 t - a scroll of fog {unknown}
 u - 2 scrolls of summoning
 v - a scroll of teleportation
 y - 2 scrolls of enchant weapon
 J - a scroll of amnesia {unknown}
 O - a scroll of blinking {unknown}
 U - a scroll of fear {unknown}
Potions
 c - a potion of heal wounds
 e - a potion of invisibility
 f - 4 potions of haste
 h - 7 potions of curing
 j - a potion of degeneration {unknown}
 l - a potion of brilliance
 m - a potion of flight
 n - a potion of ambrosia
 o - a potion of experience {unknown}
 E - a potion of resistance
 G - a potion of cancellation
 N - a potion of berserk rage
 Q - a potion of lignification
 S - 3 potions of might
Books
 z - Kikubaaqudgha's Collected Works on Sinister Secrets
   (Kikubaaqudgha gifted it to you on level 8 of the Dungeon)

   Spells                             Type                      Level
   a - Excruciating Wounds            Charms/Necromancy            5
   b - Agony                          Necromancy                   5
   c - Borgnjor's Vile Clutch         Necromancy/Earth             5
   d - Dispel Undead                  Necromancy                   5
   e - Simulacrum                     Ice/Necromancy               6
 H - a book of Minor Magic

   Spells                             Type                      Level
   a - Magic Dart                     Conjuration                  1
   b - Blink                          Translocation                2
   c - Call Imp                       Summoning                    2
   d - Slow                           Hexes                        2
   e - Conjure Flame                  Conjuration/Fire             3
   f - Mephitic Cloud                 Conjuration/Poison/Air       3
 Y - Kikubaaqudgha's Papyrus of Unholy Rituals
   (Kikubaaqudgha gifted it to you on level 7 of the Dungeon)

   Spells                             Type                      Level
   a - Pain                           Necromancy                   1
   b - Corpse Rot                     Necromancy                   2
   c - Sublimation of Blood           Necromancy                   2
   d - Vampiric Draining              Necromancy                   3
Comestibles
 d - 22 rations
 x - a chunk of flesh


   Skills:
 + Level 2.3 Fighting
 + Level 3.5 Dodging
 + Level 4.8 Stealth
 + Level 13.8 Spellcasting
 + Level 7.6 Conjurations
 - Level 7.0 Summonings
 + Level 1.2 Translocations
 + Level 1.3 Fire Magic
 + Level 1.0 Air Magic
 + Level 1.0 Poison Magic
 + Level 3.1 Evocations


You had 18 spell levels left.
You knew the following spells:

 Your Spells              Type           Power        Failure   Level  Hunger
a - Magic Dart            Conj           ####         1%          1    None
b - Blink                 Tloc           N/A          9%          2    None
c - Call Imp              Summ           ######..     1%          2    None
d - Slow                  Hex            ###.....     16%         2    None
e - Conjure Flame         Conj/Fire      ######..     4%          3    None
f - Mephitic Cloud        Conj/Pois/Air  #####...     9%          3    None
g - Sublimation of Blood  Necr           ###.......   16%         2    None
h - Vampiric Draining     Necr           ###.......   30%         3    None


Dungeon Overview and Level Annotations

Branches:
Dungeon (8/15)             Temple (1/1) D:6
   Lair: D:8-11

Altars:
Ashenzari
Cheibriados
Dithmenos
Elyvilon
Fedhas
Kikubaaqudgha
Makhleb
Nemelex Xobeh
Okawaru
Qazlal
Ru
Sif Muna
Uskayaw
Vehumet
Wu Jian

Shops:
D:7 :

Annotations:
D:4 Dowan, Menkaure


Message History

The sixfirhy hits you. The sixfirhy shocks you!
* * * LOW HITPOINT WARNING * * *
Casting: Call Imp
Confirm with . or Enter, or press ? or * to list all spells.
You blink.
Casting: Blink
Confirm with . or Enter, or press ? or * to list all spells.
You blink.
Casting: Blink
Confirm with . or Enter, or press ? or * to list all spells.
You miscast Blink.
The world appears momentarily distorted!
Casting: Blink
Confirm with . or Enter, or press ? or * to list all spells.
You blink.
The sixfirhy hits you!
* * * LOW HITPOINT WARNING * * *
The sixfirhy shocks you!
You die...
Kikubaaqudgha rasps: "You have failed me!
Welcome... death!"

##.######.#..#)#.#######....
#.#.#....#..#'#.......'....
#...#.##.#.......######...)
###.#.####.#####.# ###...)
#.#.......####)####......
#.###.....§...>...'......
#.# #....##########......
#.# #...3# #####...... #.#
#...@#** #...'...... #.#
######,* #.###......
#.#######*** #.# #......
#.##÷÷..##### #.###......
####.§5#..#.###.##.......
#...###...##.##....#.. #####
##.....##....#.. ###
##.....##....#.. #.#
#............#..


You could see a sixfirhy.

Vanquished Creatures
  2 orc knights (Bailey)
  The ghost of azzavlup the Slasher, an amateur DsAK of Lugonu (D:4)
  A slime creature (D:7)
  A hippogriff (D:8)
  A hungry ghost (D:7)
  10 orc warriors (Bailey)
  An ice beast (D:5)
  3 ogres
  A centaur (D:7)
  A bullfrog (D:8)
  2 killer bees (D:8)
  A howler monkey (D:7)
  3 crimson imps
  2 bullfrog zombies
  12 jellies
  A hound (D:7)
  2 orc wizards (D:5)
  A bullfrog skeleton (D:8)
  A centaur skeleton (D:5)
  2 iguanas
  Natasha (thrice) (D:3)
  6 worker ants
  2 worker ant zombies (D:7)
  A howler monkey skeleton (D:7)
  A howler monkey zombie (D:8)
  Robin (D:4)
  3 adders
  4 gnolls
  A shadow imp (D:5)
  13 oozes
  An adder zombie (D:6)
  3 worms
  5 dart slugs
  4 leopard geckos
  28 orcs
  5 giant cockroaches
  11 hobgoblins
  6 jackals (D:8)
  6 kobolds
  2 quokkas
  2 bats (D:3)
  12 goblins
  A jackal zombie (D:5)
  5 rats
175 creatures vanquished.

Vanquished Creatures (collateral kills)
  2 orc knights (Bailey)
  A hippogriff (D:5)
  2 orc warriors
  A sky beast (D:7)
  2 ogres (D:5)
  A bullfrog (D:7)
  Blork the orc (D:4)
  A killer bee (D:8)
  2 crimson imps (D:5)
  A centaur skeleton (D:8)
  2 hounds
  An orc priest (D:5)
  Crazy Yiuf (D:3)
  Ijyb (D:3)
  2 worker ants
  3 gnolls
  An ooze (D:7)
  7 orcs
  A jackal (D:8)
  A quokka (D:5)
  A jackal skeleton (D:4)
  A kobold (D:3)
  A leopard gecko skeleton (D:4)
37 creatures vanquished.

Vanquished Creatures (others)
  4 fungi (D:7)
4 creatures vanquished.

Grand Total: 216 creatures vanquished

Notes
Turn   | Place    | Note
-------+----------+-------------------------------------------
     0 | D:1      | Supreme the Deep Elf Wizard began the quest for the Orb.
     0 | D:1      | Reached XP level 1. HP: 10/10 MP: 7/7
   286 | D:1      | Reached skill level 5 in Spellcasting
   286 | D:1      | Reached XP level 2. HP: 15/15 MP: 0/10
  1184 | D:2      | Reached XP level 3. HP: 16/19 MP: 2/12
  1188 | D:2      | Learned a level 2 spell: Blink
  1191 | D:2      | Learned a level 2 spell: Call Imp
  1194 | D:2      | Learned a level 2 spell: Slow
  1198 | D:2      | Learned a level 3 spell: Conjure Flame
  1202 | D:2      | Learned a level 3 spell: Mephitic Cloud
  1203 | D:2      | Found a sparkling altar of Nemelex Xobeh.
  1871 | D:3      | Reached skill level 6 in Spellcasting
  1977 | D:3      | Reached XP level 4. HP: 24/24 MP: 11/14
  2000 | D:3      | Noticed Ijyb
  2124 | D:3      | Found an iron altar of Okawaru.
  2133 | D:3      | Found a runed door.
  2227 | D:3      | Killed Ijyb
  2275 | D:3      | Noticed Natasha
  2279 | D:3      | Killed Natasha
  2293 | D:3      | Noticed Natasha
  2296 | D:3      | Killed Natasha
  2296 | D:3      | Reached XP level 5. HP: 21/28 MP: 11/16
  2486 | D:3      | Noticed Natasha
  2490 | D:3      | Killed Natasha
  2621 | D:3      | Noticed Crazy Yiuf
  2628 | D:3      | Killed Crazy Yiuf
  2628 | D:3      | Reached skill level 7 in Spellcasting
  2659 | D:4      | Noticed Robin
  2732 | D:4      | Found a shadowy altar of Dithmenos.
  2742 | D:4      | Noticed Blork the orc
  2760 | D:4      | Killed Blork the orc
  2760 | D:4      | Reached XP level 6. HP: 32/33 MP: 9/18
  3050 | D:4      | Noticed Menkaure
  3071 | D:4      | Noticed azzavlup's ghost (amateur DsAK)
  3105 | D:4      | Killed azzavlup's ghost
  3105 | D:4      | Reached skill level 8 in Spellcasting
  3206 | D:4      | Killed Robin
  3360 | D:4      | Noticed Dowan
  3408 | D:5      | Entered Level 5 of the Dungeon
  3441 | D:5      | Reached XP level 7. HP: 27/37 MP: 13/20
  3790 | D:5      | Reached skill level 9 in Spellcasting
  3922 | D:5      | Noticed a hippogriff
  3931 | D:5      | Killed a hippogriff
  4240 | D:5      | Found a sparkling altar of Nemelex Xobeh.
  4241 | D:5      | Found a hide-covered altar of Uskayaw.
  4304 | D:5      | Reached skill level 1 in Fighting
  4304 | D:5      | Reached XP level 8. HP: 43/43 MP: 20/23
  4441 | D:5      | Reached skill level 10 in Spellcasting
  4567 | D:6      | Got a pitted scale mail
  4610 | D:6      | Found a snail-covered altar of Cheibriados.
  4684 | D:6      | Found a snail-covered altar of Cheibriados.
  4745 | D:6      | Reached skill level 5 in Summonings
  4757 | D:6      | Found a staircase to the Ecumenical Temple.
  4773 | Temple   | Entered the Ecumenical Temple
  4781 | Temple   | Became a worshipper of Kikubaaqudgha
  4944 | D:6      | Reached skill level 5 in Conjurations
  5086 | D:7      | Got a jewelled ring mail
  5218 | D:7      | Found Ziqo's Book Shoppe.
  5408 | D:7      | Reached skill level 11 in Spellcasting
  5692 | D:7      | Noticed a slime creature
  5700 | D:7      | Killed a slime creature
  5700 | D:7      | Reached XP level 9. HP: 47/47 MP: 22/26
  5704 | D:7      | Reached * piety under Kikubaaqudgha
  5704 | D:7      | Identified Kikubaaqudgha's Papyrus of Unholy Rituals (Kikubaaqudgha gifted it to you on level 7 of the Dungeon)
  5704 | D:7      | Received a gift from Kikubaaqudgha
  5749 | D:7      | Learned a level 2 spell: Sublimation of Blood
  5753 | D:7      | Learned a level 3 spell: Vampiric Draining
  5868 | D:8      | Identified the +6 scale mail of Conscience {Str+5} (You found it on level 6 of the Dungeon)
  5869 | D:8      | Identified the +5 ring mail "Qoatur" {Int+4} (You found it on level 7 of the Dungeon)
  5980 | D:8      | Found a flagged portal.
  6040 | Bailey   | Entered a bailey
  6051 | Bailey   | Reached skill level 1 in Fire Magic
  6113 | Bailey   | Reached ** piety under Kikubaaqudgha
  6114 | Bailey   | Reached skill level 12 in Spellcasting
  6240 | Bailey   | Noticed an orc knight
  6336 | Bailey   | Killed an orc knight
  6372 | Bailey   | Noticed an orc knight
  6463 | Bailey   | Noticed an orc knight
  6655 | Bailey   | Killed an orc knight
  6655 | Bailey   | Reached XP level 10. HP: 24/53 MP: 14/28
  6663 | Bailey   | Noticed an orc knight
  6688 | Bailey   | Noticed an orc knight
  6718 | Bailey   | Reached skill level 13 in Spellcasting
  6798 | Bailey   | Killed an orc knight
  6996 | Bailey   | Killed an orc knight
  7438 | D:8      | Noticed a sixfirhy
  7442 | D:8      | Found a runed door.
  7628 | D:8      | Reached *** piety under Kikubaaqudgha
  7628 | D:8      | Identified Kikubaaqudgha's Collected Works on Sinister Secrets (Kikubaaqudgha gifted it to you on level 8 of the Dungeon)
  7628 | D:8      | Received a gift from Kikubaaqudgha
  7695 | D:8      | Reached skill level 1 in Air Magic
  7695 | D:8      | Reached skill level 1 in Poison Magic
  8008 | D:8      | Mangled by a sixfirhy

Skill      XL: |  1  2  3  4  5  6  7  8  9 10 |
---------------+-------------------------------+-----
Spellcasting   | 5 6 7 8 9 11 12 13 | 13.8
Conjurations   | 2 3 4 6 7 |  7.6
Stealth        | 3 4 |  4.8
Summonings     | 2 4 5 6 7 |  7.0
Fighting       | 1 2 |  2.3
Dodging        | 3 |  3.5
Fire Magic     | 1 |  1.3
Evocations     | 3 |  3.1
Air Magic      | 1 |  1.0
Poison Magic   | 1 |  1.0
Translocations | |  1.2

Action                   |  1- 3 |  4- 6 |  7- 9 | 10-12 || total
-------------------------+-------+-------+-------+-------++-------
Melee: Dagger            |     8 |     2 |       |       ||    10
       Scimitar          |       |     8 |    66 |    84 ||   158
       Spear             |       |       |    30 |       ||    30
       Halberd           |       |       |     4 |       ||     4
 Cast: Magic Dart        |   118 |   106 |   203 |    39 ||   466
       Call Imp          |       |    18 |    50 |    39 ||   107
       Conjure Flame     |       |     3 |    17 |     1 ||    21
       Mephitic Cloud    |       |       |     5 |     8 ||    13
       Blink             |       |       |     3 |     8 ||    11
Evoke: Wand              |       |       |    16 |     4 ||    20
  Use: Scroll            |       |       |    18 |     5 ||    23
       Potion            |       |       |       |     4 ||     4
 Stab: Sleeping          |     2 |     1 |     1 |     2 ||     6
       Paralysed         |       |       |     5 |       ||     5
       Confused          |       |       |       |     2 ||     2
  Eat: Chunk             |     3 |     4 |    10 |     5 ||    22
Armor: Robe              |     6 |     4 |       |       ||    10
       Leather armour    |       |     5 |    21 |       ||    26
       Ring mail         |       |       |     5 |    53 ||    58
Dodge: Dodged            |    28 |    13 |    49 |    46 ||   136
       Rpst.: Scimitar   |       |     1 |    14 |    18 ||    33
